 Dungeon Crawl Stone Soup version 0.27-a0-1334-g2746e35aca (webtiles) character file.

Game seed: 8252053155058613718

133 HAL9000 the Sneak (level 5, -3/26 HPs)
             Began as a Vine Stalker Brigand on June 26, 2021.
             Slain by a yak (9 damage)
             ... on level 3 of the Dungeon.
             The game lasted 00:06:20 (2891 turns).

HAL9000 the Sneak (Vine Stalker Brigand)            Turns: 2891, Time: 00:06:21

Health: -3/26      AC:  4    Str: 14    XL:     5   Next: 16%
Magic:  0/6        EV: 11    Int: 11    God:
Gold:   72         SH:  0    Dex: 16    Spells: 4/4 levels left

rFire    . . .     SeeInvis .   a - +2 dagger
rCold    . . .     Faith    .   (no shield)
rNeg     . . .     Spirit   +   b - +0 robe
rPois    .         Reflect  .   (no helmet)
rElec    .         Harm     .   c - +0 cloak
rCorr    .         Rampage  .   k - +0 pair of gloves
Will     .....                  (no boots)
Stlth    +++.......             (no amulet)
HPRegen  1.08/turn              (no ring)
MPRegen  0.10/turn              (no ring)

@: no status effects
A: fangs 2, regeneration 1, magic shield, antimagic bite, no potion heal 2
a: no special abilities


You were on level 3 of the Dungeon.
You visited 1 branch of the dungeon, and saw 4 of its levels.

You collected 72 gold pieces.

Inventory:

Hand Weapons
 a - a +2 dagger (weapon)
Missiles
 d - 3 poisoned darts (quivered)
Armour
 b - a +0 robe (worn)
 c - a +0 cloak (worn)
 k - a +0 pair of gloves (worn)
Jewellery
 j - a ring of fire
 u - a ring of magical power
Scrolls
 f - 3 scrolls of identify {unknown}
 i - a scroll of immolation {unknown}
 l - a scroll of teleportation {unknown}
 m - a scroll of summoning {unknown}
 n - a scroll of fog {unknown}
 o - 2 scrolls of amnesia {unknown}
 q - a scroll of magic mapping {unknown}
Potions
 g - a potion of degeneration {unknown}
 h - a potion of berserk rage {unknown}
 p - a potion of ambrosia {unknown}
 r - a potion of might {unknown}
 s - 3 potions of curing {unknown}
 t - a potion of haste {unknown}


   Skills:
 - Level 1.7 Fighting
 - Level 1.7 Short Blades
 + Level 4.7 Throwing
 - Level 0.7 Dodging
 - Level 4.8 Stealth


You had 4 spell levels left.
You didn't know any spells.
Your spell library contained the following spells:

 Spells                   Type           Power      Damage    Failure   Level
 Shock                    Conj/Air       0%         1d3       34%         1
 Static Discharge         Conj/Air       0%         N/A       47%         2
 Swiftness                Air            0%         N/A       71%         3
 Airstrike                Air            0%         N/A       98%         4
 Lightning Bolt           Conj/Air       0%         1d11      100%        5


Dungeon Overview and Level Annotations

Branches:
Dungeon (4/15)
 Temple: D:4-7

Altars:


Innate Abilities, Weirdness & Mutations

You have extremely sharp teeth.
Your natural rate of healing is unusually fast.
When hurt, damage is shared between your health and your magic reserves.
Your bite disrupts and absorbs the magic of your enemies.
Potions cannot restore your health.


Message History

The yak is lightly wounded.
The yak gores you but does no damage.
Throw: 5 darts (poison)
Press: ? - help, Q - select action, (/) - cycle Shift-Dir - straight line, f/p - yak
Aim: a yak (lightly wounded, poisoned, 72% to hit)
Okay, then.
The yak looks more healthy.
The yak gores you.
There is an open door here.
Throw: 5 darts (poison)
Press: ? - help, Q - select action, (/) - cycle Shift-Dir - straight line, f/p - yak
Aim: a yak (lightly wounded, 72% to hit)
You throw a poisoned dart.
The poisoned dart closely misses the yak.
The yak gores you!
Throw: 4 darts (poison)
Press: ? - help, Q - select action, (/) - cycle Shift-Dir - straight line, f/p - yak
Aim: a yak (lightly wounded, 72% to hit)
You throw a poisoned dart. The poisoned dart hits the yak.
The yak is poisoned.
The yak is lightly wounded.
The yak gores you!
You barely miss the yak.
The yak is lightly wounded.
The yak gores you!
* * * LOW HITPOINT WARNING * * *
Unknown command.
Throw: 2 darts (curare)
Press: ? - help, Q - select action, (/) - cycle Shift-Dir - straight line, f/p - yak
Aim: a yak (lightly wounded, poisoned, 72% to hit)
You throw a curare-tipped dart. The curare-tipped dart hits the yak.
The yak looks even sicker.
The yak convulses.
The yak seems to slow down.
The yak is heavily wounded.
Throw: dart (curare)
Press: ? - help, Q - select action, (/) - cycle Shift-Dir - straight line, f/p - yak
Aim: a yak (heavily wounded, very poisoned, slow, 72% to hit)
You throw a curare-tipped dart.
The curare-tipped dart barely misses the yak.
The yak gores you!
You die...

#<#.####.# #........#
#.......########
#.#.###.##.....#
#.#>###.##.###.#
#.#...........># #########
###.#..##.##รท##..# #.......#
##.#.......##.....#
#.#####.###...@....#######.##
# #.##..........#Y..## #.####
# #.##.##.###...##(## #.....
# #.##.##.# ######.# #####. #
#.##....# #(# #. # #.......#
##'## #######. # ######.###
##...## #....... # #<.....#
##.....## #.#####. # #.##.#.#
##.......## #.#.###.


You could see a yak (very poisoned, slow).

Vanquished Creatures
  3 adders
  4 gnolls
  A worm (D:3)
  A dart slug (D:3)
  3 bats
  2 endoplasms
  4 giant cockroaches
  9 goblins
  7 hobgoblins
  4 jackals (D:1)
  4 quokkas (D:1)
  7 ball pythons
  6 frilled lizards
  3 kobolds (D:1)
  2 rats
60 creatures vanquished.

Notes
Turn   | Place    | Note
-------+----------+-------------------------------------------
     0 | D:1      | HAL9000 the Vine Stalker Brigand began the quest for the
                  | Orb.
     0 | D:1      | Reached XP level 1. HP: 11/11 MP: 2/2
   132 | D:1      | Reached XP level 2. HP: 10/15 MP: 3/3
   446 | D:1      | Reached XP level 3. HP: 8/18 MP: 1/4
  1120 | D:1      | You fall into a shaft and drop 1 floor!
  1548 | D:2      | Gained mutation: Your natural rate of healing is unusually
                  | fast. [Vine Stalker growth]
  1548 | D:2      | Reached XP level 4. HP: 23/23 MP: 5/5
  1768 | D:2      | Found a faded altar of an unknown god.
  2127 | D:3      | Reached XP level 5. HP: 26/26 MP: 6/6
  2848 | D:4      | Noticed a yak
  2849 | D:4      | Noticed a yak
  2850 | D:4      | Noticed a yak
  2851 | D:4      | Noticed a yak
  2852 | D:4      | Noticed a yak
  2854 | D:4      | Noticed a lemure
  2891 | D:3      | Slain by a yak

Illustrated notes

Levels and vault maps discovered:
D:1:      dpeg_arrival_prison, layout_basic
D:2:      layout_rooms, hellmonk_ecumenical_altar_inner_sanctum
D:3:      layout_loops_corners, minmay_misc_feat_alley
D:4:      layout_loops_ring, vehumet_crystals, ashenzari_altar_1,
          lightli_temple_of_fire, uniq_pikel

Skill      XL: |  1  2  3  4 |
---------------+-------------+-----
Throwing       | 2 3 4 |  4.7
Fighting       | |  1.7
Short Blades   | |  1.7
Dodging        | |  0.7
Stealth        | |  4.8

Action                   |  1- 3 |  4- 6 || total
-------------------------+-------+-------++-------
Melee: Dagger            |    97 |    64 ||   161
       Bite              |    26 |    21 ||    47
Throw: Dart              |       |    17 ||    17
 Stab: Sleeping          |     4 |     6 ||    10
Armor: Robe              |    18 |    12 ||    30
Dodge: Dodged            |    48 |    35 ||    83

Table legend: (Time is in decaauts)
 A = Elapsed time spent in this place.
 B = Non-inter-level travel time spent in this place.
 C = Inter-level travel time spent in this place.
 D = Time resting spent in this place.
 E = Time spent auto-exploring this place.
 F = Levels seen in this place.
 G = Mean time per level.
                   A        B        C        D        E       F      G
               +--------+--------+--------+--------+--------+-----+--------+
         Total |   2874 |   2858 |     16 |    529 |   1860 |   4 |  718.5 |
       Dungeon |   2874 |   2858 |     16 |    529 |   1860 |   4 |  718.5 |
               +--------+--------+--------+--------+--------+-----+--------+

Top non-repeatable levels by time:
     D:1: 1113 daAuts
     D:3: 869 daAuts
     D:2: 859 daAuts
     D:4: 32 daAuts
